 Dungeon Crawl Stone Soup version 0.30.1-3-gfc49f6343a (webtiles) character file.

Game seed: 17713959809828355420

173 GeoRichter the Firebug (level 5, 0/28 HPs)
             Began as a Deep Elf Fire Elementalist on Aug 1, 2023.
             Was an Initiate of Ashenzari.
             Slain by a kobold
             ... wielding a +0 short sword
              (3 damage)
             ... on level 3 of the Dungeon.
             The game lasted 00:03:45 (1603 turns).

GeoRichter the Firebug (Deep Elf Fire Elementalist) Turns: 1603, Time: 00:03:45

Health: 0/28       AC:  3    Str:  5    XL:     5   Next: 28%
Magic:  6/12       EV:  9    Int: 22    God:    Ashenzari [......]
Gold:   87         SH:  0    Dex: 15    Spells: 10/11 levels left

rFire   . . .        l - +0 dagger
rCold   . . .        (no shield)
rNeg    + . .        a - +0 robe
rPois   .            (no helmet)
rElec   .            (no cloak)
rCorr   .            g - +0 pair of gloves
SInv    .            (no boots)
Will    .....        (no amulet)
Stlth   +++          c - ring of positive energy
HPRegen 0.24/turn    (no ring)
MPRegen 0.13/turn

%: no passive effects
@: constricted
A: no striking features
a: Renounce Religion


You were on level 3 of the Dungeon.
You worshipped Ashenzari.
Ashenzari was noncommittal.
You visited 1 branch of the dungeon, and saw 4 of its levels.

You collected 87 gold pieces.

Inventory:

Hand Weapons
 i - a +0 hand axe
   (You found it on level 1 of the Dungeon)
 l - a +0 dagger (weapon)
   (You took it off Jessica on level 2 of the Dungeon)
Armour
 a - a +0 robe (worn)
 g - a +0 pair of gloves (worn)
   (You found it on level 1 of the Dungeon)
 s - a +0 buckler
   (You found it on level 4 of the Dungeon)
Jewellery
 c - a ring of positive energy (left hand)
   (You found it on level 1 of the Dungeon)
Wands
 j - a wand of flame (11)
   (You took it off Jessica on level 2 of the Dungeon)
Scrolls
 d - a scroll of immolation {unknown}
 e - 3 scrolls of noise {unknown}
 n - a scroll of vulnerability {unknown}
 p - a scroll of torment {unknown}
 r - a scroll of teleportation {unknown}
Potions
 f - 3 potions of heal wounds {unknown}
 h - a potion of brilliance {unknown}
 k - a potion of curing {unknown}
 m - a potion of haste {unknown}
 o - a potion of cancellation {unknown}
 q - 2 potions of might {unknown}


   Skills:
 - Level 2.4 Dodging
 - Level 4.0 Stealth
 + Level 3.5 Spellcasting
 * Level 2.3 Conjurations
 + Level 5.4 Fire Magic


You had 10 spell levels left.
You knew the following spells:

 Your Spells              Type           Power      Damage    Failure   Level
a - Foxfire               Conj/Fire      80%        2x1d8     2%          1

Your spell library contained the following spells:

 Spells                   Type           Power      Damage    Failure   Level
 Scorch                   Fire           54%        2d7       1%          2
 Inner Flame              Hex/Fire       15%        N/A       12%         3
 Volatile Blastmotes      Fire/Tloc      30%        2d12      12%         3
 Lesser Beckoning         Tloc           6%         N/A       19%         2
 Flame Wave               Conj/Fire      20%        2d7       24%         4
 Gell's Gravitas          Tloc           3%         N/A       34%         3
 Teleport Other           Tloc           3%         N/A       34%         3


Dungeon Overview and Level Annotations

Branches:
Dungeon (4/15) Zot: 22368
 Temple: D:4-7

Altars:
Ashenzari
Elyvilon
Gozag
Ru

Shops:
D:2 :


Message History

Press: ? - help, Q - select action, (/) - cycle Dir - look around, f - activate You conjure some foxfire!
The foxfire hits the orc but does no damage.
The foxfire hits the orc.
The orc is heavily wounded.
The orc hits you with a +0 hand axe. The orc barely misses you.
The kobold hits you with a +0 short sword.
* * * LOW HITPOINT WARNING * * *
Casting: Foxfire (safe; 2% risk of failure)
Press: ? - help, Q - select action, (/) - cycle Dir - look around, f - activate You conjure some foxfire!
The kobold hits you but does no damage. The orc hits you with a +0 hand axe.
* * * LOW HITPOINT WARNING * * *
The orc closely misses you.
Your foxfire dissipates!
The kobold attacks as you move away! The kobold misses you.
A jackal comes into view.
The foxfire hits the orc.
You kill the orc!
The foxfire hits the orc!
The orc is almost dead.
A jackal comes into view.
The jackal moves out of view.
Casting: Foxfire (safe; 2% risk of failure)
Press: ? - help, Q - select action, (/) - cycle Dir - look around, f - activate You conjure some foxfire!
The jackal barks!
You hear a bark!
A jackal comes into view.
The kobold hits you but does no damage. The orc closely misses you.
The orc barely misses your foxfire.
Casting: Foxfire (safe; 2% risk of failure)
Press: ? - help, Q - select action, (/) - cycle Dir - look around, f - activate You conjure some foxfire!
The foxfire hits the orc.
You kill the orc!
The foxfire hits the kobold but does no damage.
The kobold hits you with a +0 short sword.
* * * LOW HITPOINT WARNING * * *
Your magical contamination has completely faded away.
Casting: Foxfire (safe; 2% risk of failure)
Press: ? - help, Q - select action, (/) - cycle Dir - look around, f - activate You conjure some foxfire!
The foxfire hits the kobold.
The kobold is severely wounded.
The ball python bites you.
* * * LOW HITPOINT WARNING * * *
The ball python grabs you. The ball python constricts you.
The kobold hits you with a +0 short sword.
You die...

###########
###.........##
#.............
#...S[[)......
#SK......
#@v......
#v§..####
#h...# #......
.h...#(..
.h...##..
....## ..
.....#


You could see 3 jackals, a ball python (ally target) and a kobold (ally target).

Vanquished Creatures
  Jessica (D:2)
  2 orc wizards
  2 adders
  3 gnolls (D:4)
  A worm (D:2)
  A dart slug (D:1)
  4 orcs
  2 ball pythons (D:2)
  2 endoplasms (D:2)
  4 giant cockroaches
  4 goblins
  3 hobgoblins
  5 kobolds
  5 quokkas
  A bat (D:1)
  2 rats (D:1)
42 creatures vanquished.

Vanquished Creatures (others)
  189 foxfires
189 creatures vanquished.

Grand Total: 231 creatures vanquished

Notes
Turn   | Place    | Note
-------+----------+-------------------------------------------
     0 | D:1      | GeoRichter the Deep Elf Fire Elementalist began the quest
                  | for the Orb.
     0 | D:1      | Reached XP level 1. HP: 10/10 MP: 6/6
   416 | D:1      | Reached XP level 2. HP: 15/15 MP: 4/8
   640 | D:2      | Noticed a walking crystal tome
   640 | D:2      | Noticed Jessica
   643 | D:2      | Killed Jessica
   644 | D:2      | Reached skill level 4 in Fire Magic
   644 | D:2      | Reached XP level 3. HP: 19/19 MP: 5/9
   687 | D:2      | Found Marer's Book Boutique.
   689 | D:2      | Noticed a walking frostbound tome
  1215 | D:2      | Reached XP level 4. HP: 24/24 MP: 6/10
  1303 | D:2      | You fall into a shaft and drop 2 floors!
  1303 | D:4      | Found a broken altar of Ashenzari.
  1312 | D:4      | Became a worshipper of Ashenzari the Shackled
  1374 | D:4      | Reached skill level 5 in Fire Magic
  1407 | D:4      | Found a sacrificial altar of Ru.
  1408 | D:4      | Found a white marble altar of Elyvilon.
  1409 | D:4      | Found an opulent altar of Gozag.
  1429 | D:3      | Reached XP level 5. HP: 27/28 MP: 4/11
  1603 | D:3      | Slain by a kobold

Illustrated notes

Levels and vault maps discovered:
D:1:      scummos_arrival_checkerplants, layout_rooms,
          chequers_serial_rivers_large_b
D:2:      layout_rooms, serial_shops, nicolae_shop_mannequins, uniq_jessica,
          uniq_natasha
D:3:      cheibrodos_greedy_goblins, layout_basic, serial_shops,
          nicolae_shop_just_a_little_nook, ebering_ecumenical_altar_abandoned
D:4:      layout_basic, cheibrodos_ashenzari_chains,
          chequers_temple_overflow_statue_of_worship, minmay_temple_entry_trees

Skill      XL: |  1  2  3  4  5 |
---------------+----------------+-----
Stealth        | 3 4 |  4.0
Fire Magic     | 4 5 |  5.4
Conjurations   | 2 |  2.3
Dodging        | |  2.4
Spellcasting   | |  3.5

Action                     |  1- 3 |  4- 6 || total
---------------------------+-------+-------++-------
  Melee: Dagger            |       |     1 ||     1
   Cast: Foxfire           |    64 |    44 ||   108
    Use: Potion            |       |     1 ||     1
 Armour: Robe              |       |     3 ||     3
  Dodge: Dodged            |       |    22 ||    22
